 Dungeon Crawl Stone Soup version 0.21-a0-178-g0b87683 (webtiles) character file.

77 Dfrag the Firebug (level 4, -1/45 HPs)
             Began as a Demonspawn Fire Elementalist on Aug 9, 2017.
             Succumbed to Kurtz's ghost's poison
             ... on level 3 of the Dungeon.
             The game lasted 00:03:40 (1752 turns).

Dfrag the Firebug (Demonspawn Fire Elementalist)    Turns: 1752, Time: 00:03:41

Health: -1/45      AC: 22    Str:  8    XL:     4   Next: 13%
Magic:  0/8        EV:  2    Int: 18    God:
Gold:   110        SH:  0    Dex: 13    Spells: 4/8 levels left

rFire    . . .     SeeInvis .   h - +1 dagger (elec)
rCold    . . .     Gourm    .   (no shield)
rNeg     + + +     Faith    .   (armour currently unavailable)
rPois    +         Spirit   .   (helmet currently unavailable)
rElec    .         Reflect  .   (cloak currently unavailable)
rCorr    .         Harm     .   (gloves currently unavailable)
MR       .....     NoTele   +   (boots currently unavailable)
Stlth    ++........             (no amulet)
HPRegen  0.15/turn              (no ring)
MPRegen  0.11/turn              (no ring)

@: lethally poisoned (-1 -> -26), tree-form, drained
A: no striking features
a: no special abilities


You were on level 3 of the Dungeon.
You were very hungry.
You were a tree.
You visited 1 branch of the dungeon, and saw 3 of its levels.

You collected 110 gold pieces.

Inventory:

Hand Weapons
 h - a +1 dagger of electrocution (weapon)
Armour
 a - a +0 robe (melded)
 f - a +2 helmet (melded)
Wands
 g - a wand of confusion (28/48)
Scrolls
 d - 2 scrolls of identify {unknown}
 e - a scroll of remove curse {unknown}
 i - a scroll of magic mapping {unknown}
 j - a scroll of enchant armour {unknown}
Books
 b - a book of Flames

   Spells                             Type                      Level
   a - Flame Tongue                   Conjuration/Fire             1
   b - Throw Flame                    Conjuration/Fire             2
   c - Conjure Flame                  Conjuration/Fire             3
   d - Inner Flame                    Hexes/Fire                   3
   e - Sticky Flame                   Conjuration/Fire             4
   f - Fireball                       Conjuration/Fire             5
Comestibles
 c - 4 bread rations


   Skills:
 - Level 1.7(1.2) Dodging
 - Level 1.7(1.2) Stealth
 + Level 2.9(2.3) Spellcasting
 + Level 2.2(1.6) Conjurations
 + Level 3.4(2.9) Fire Magic


You had 4 spell levels left.
You knew the following spells:

 Your Spells              Type           Power        Failure   Level  Hunger
a - Flame Tongue          Conj/Fire      ##...        7%          1    #......
b - Conjure Flame         Conj/Fire      ##......     21%         3    ###....


Dungeon Overview and Level Annotations

Branches:
Dungeon (3/15)

Altars:
Okawaru

Annotations:
D:3 Kurtz's ghost, amateur KoIE


Innate Abilities, Weirdness & Mutations

((You have large cloven feet.))
((You are partially covered in yellow scales. (AC +2)))


Message History

You completely miss Kurtz's ghost.
Kurtz's ghost is almost destroyed.
Kurtz's ghost hits you but does no damage.
You are lethally poisoned!
Casting: Flame Tongue
Confirm with . or Enter, or press ? or * to list all spells.
Aiming: Flame Tongue
Press: ? - help, Shift-Dir - straight line, f/p - Kurtz's ghost
Aim: Kurtz's ghost, wielding a weapon of venom (almost destroyed)
The flame tongue hits Kurtz's ghost.
Kurtz's ghost appears unharmed.
Kurtz's ghost is almost destroyed.
* * * LOW HITPOINT WARNING * * *
You feel sick. Kurtz's ghost hits you!
* * * LOW HITPOINT WARNING * * *
You are more poisoned.
Unknown command.
It was a potion of lignification.
You turn into a tree.
Your +2 helmet melds into your body.
Your +0 robe melds into your body.
Your roots penetrate the ground.
You die...

#.# #.# #.###
#.#.. #.#.#
#####.#.#
#.....#.# #
#.#####.#.#####
#..♣W.%........
#######....####
#....# #.W..#
#....# #....#
#..... #......


You could see Kurtz's ghost.

Vanquished Creatures
  3 adders (D:2)
  A dart slug (D:1)
  A leopard gecko (D:1)
  5 bats
  3 giant cockroaches
  4 goblins
  3 hobgoblins
  8 jackals (D:1)
  2 kobolds (D:2)
  4 quokkas (D:2)
  9 rats
43 creatures vanquished.

Notes
Turn   | Place    | Note
-------+----------+-------------------------------------------
     0 | D:1      | Dfrag the Demonspawn Fire Elementalist began the quest for the Orb.
     0 | D:1      | Reached XP level 1. HP: 13/13 MP: 3/3
   210 | D:1      | Gained mutation: You have large cloven feet. [demonic ancestry]
   210 | D:1      | Reached XP level 2. HP: 16/19 MP: 1/5
   217 | D:1      | Reached skill level 3 in Fire Magic
   796 | D:2      | Reached XP level 3. HP: 22/24 MP: 6/6
   847 | D:2      | Found an iron altar of Okawaru.
  1071 | D:2      | Gained mutation: You are partially covered in yellow scales. (AC +2) [demonic ancestry]
  1071 | D:2      | Reached XP level 4. HP: 14/30 MP: 0/8
  1401 | D:2      | Learned a level 3 spell: Conjure Flame
  1733 | D:3      | Noticed Kurtz's ghost (amateur KoIE)
  1751 | D:3      | HP: 1/30 [Kurtz's ghost (8)]
  1752 | D:3      | Succumbed to Kurtz's ghost's poison

Vault maps used:
D:1:      wheals_arrival_linesprint, hangedman_abyss_or_decor_stabs,
          minmay_misc_feat_chi
D:2:      first_bread, okawaru_metal_pillars_3

Skill      XL: |  1  2  3 |
---------------+----------+-----
Fire Magic     | 3 |  3.4
Conjurations   | 2 |  2.2
Dodging        | |  1.7
Stealth        | |  1.7
Spellcasting   | |  2.9

Action                   |  1- 3 |  4- 6 || total
-------------------------+-------+-------++-------
Melee: Unarmed           |    13 |       ||    13
       Dagger            |    51 |     9 ||    60
       Kick              |     7 |     1 ||     8
 Cast: Flame Tongue      |    50 |    22 ||    72
       Conjure Flame     |       |     1 ||     1
  Use: Potion            |       |     1 ||     1
 Stab: Sleeping          |     1 |       ||     1
  Eat: Chunk             |     1 |     1 ||     2
Armor: Robe              |    35 |     8 ||    43
Dodge: Dodged            |    65 |     8 ||    73
